 Dungeon Crawl Stone Soup version 0.29.1-15-g9cfb28693d (webtiles) character file.

Game seed: 3637695983848087666

7820 protoss039 the Digger (level 11, 84/84 HPs)
             Began as a Demonspawn Earth Elementalist on Mar 1, 2023.
             Got out of the dungeon alive.
             The game lasted 00:16:15 (10424 turns).

protoss039 the Digger (DsEE)                       Turns: 10424, Time: 00:16:16

Health: 84/84      AC: 10    Str:  8    XL:     11   Next: 1%
Magic:  30/30      EV: 10    Int: 20    God:
Gold:   181        SH:  5    Dex: 17    Spells: 15/24 levels left

rFire   . . .      SeeInvis .   j - +2 dagger (venom)
rCold   . . .      Faith    .   q - +0 buckler
rNeg    . . .      Spirit   +   p - +3 ring mail "Qeep" {Regen+}
rPois   .          Reflect  .   (no helmet)
rElec   .          Harm     .   L - +0 cloak
rCorr   +          Rampage  .   (no gloves)
Will    .....                   (boots unavailable)
Stlth   +++.......              w - amulet of guardian spirit
HPRegen 1.04/turn               a - ring of magical power
MPRegen 0.22/turn               r - ring of resist corrosion

@: no status effects
A: hooves 3, thin skeletal structure 1, demonic guardian 1, demonic magic 1
a: no special abilities


You escaped.
You visited 2 branches of the dungeon, and saw 11 of its levels.

You collected 589 gold pieces.
You spent 408 gold pieces at shops.

Inventory:

Hand Weapons
 j - a +2 dagger of venom (weapon)
 l - a +1 sling of flaming
Missiles
 Q - 2 throwing nets
Armour
 k - a scarf of resistance
 p - the +3 ring mail "Qeep" (worn) {Regen+}
   (You found it on level 4 of the Dungeon)

   Regen:     It increases your rate of health regeneration.
 q - a +0 buckler (worn)
 J - a +2 robe of fire resistance
 K - a +0 leather armour of willpower
 L - a +0 cloak (worn)
 N - +0 swamp dragon scales
Jewellery
 a - a ring of magical power (left hand)
 h - a +6 ring of strength
 r - a ring of resist corrosion (right hand)
 w - an amulet of guardian spirit (around neck)
 G - a ring of see invisible
 H - a ring of fire
Wands
 o - a wand of quicksilver (7)
 t - a wand of iceblast (14)
 I - a wand of charming (7)
Scrolls
 c - 2 scrolls of poison
 d - a scroll of magic mapping {unknown}
 e - a scroll of identify
 f - 4 scrolls of teleportation
 n - 2 scrolls of immolation
 s - 2 scrolls of enchant weapon
 u - a scroll of blinking {unknown}
 v - a scroll of torment {unknown}
 y - a scroll of enchant armour {unknown}
 D - 2 scrolls of amnesia
 E - a scroll of brand weapon {unknown}
 F - a scroll of noise {unknown}
 M - a scroll of silence {unknown}
 P - a scroll of butterflies {unknown}
Potions
 b - 2 potions of magic
 g - 4 potions of flight {unknown}
 i - 4 potions of curing
 m - 2 potions of brilliance {unknown}
 x - a potion of ambrosia {unknown}
 z - 3 potions of heal wounds {unknown}
 A - 3 potions of berserk rage {unknown}
 B - 2 potions of degeneration {unknown}
 C - 2 potions of haste
 O - a potion of cancellation {unknown}
 R - a potion of lignification
 S - a potion of mutation


   Skills:
 + Level 7.4 Fighting
 - Level 6.0 Armour
 - Level 3.0 Dodging
 - Level 3.0 Stealth
 + Level 4.5 Shields
 + Level 7.1 Spellcasting
 * Level 3.3 Conjurations
 - Level 1.0 Transmutations
 - Level 3.0 Air Magic
 + Level 7.5 Earth Magic
 - Level 3.0 Poison Magic


You had 15 spell levels left.
You knew the following spells:

 Your Spells              Type           Power      Damage    Failure   Level
a - Sandblast             Erth           74%        2d16      1%          1
b - Passwall              Tmut/Erth      20%        N/A       9%          2
c - Stone Arrow           Conj/Erth      56%        3d10      11%         3
d - Mephitic Cloud        Conj/Pois/Air  19%        N/A       28%         3

Your spell library contained the following spells:

 Spells                   Type           Power      Damage    Failure   Level
 Beastly Appendage        Tmut           22%        N/A       22%         1
 Swiftness                Air            19%        N/A       28%         3
 Wereblood                Tmut           11%        N/A       32%         2
 Spider Form              Tmut/Pois      15%        N/A       41%         3
 Ensorcelled Hibernation  Hex/Ice        14%        N/A       45%         2
 Scorch                   Fire           14%        2d6       45%         2
 Dazzling Flash           Conj/Hex       26%        N/A       45%         3
 Ignite Poison            Fire/Tmut/Pois 12%        N/A       50%         3
 Petrify                  Tmut/Erth      24%        N/A       50%         4
 Ozocubu's Armour         Ice            7%         N/A       69%         3
 Flame Wave               Conj/Fire      13%        2d6       86%         4
 Iskenderun's Mystic Bla  Conj/Tloc      13%        2d5       86%         4
 Freezing Cloud           Conj/Ice/Air   7%         6-21      98%         5
 Metabolic Englaciation   Hex/Ice        3%         N/A       100%        5
 Simulacrum               Ice/Necr       3%         N/A       100%        6
 Starburst                Conj/Fire      6%         6d4       100%        6
 Summon Cactus Giant      Summ           3%         N/A       100%        6


Dungeon Overview and Level Annotations

Branches:
Dungeon (10/15) Zot: 26696  Temple (1/1) D:5 Zot: 5821
   Lair: D:8-11         Orc: D:9-12

Altars:
Ashenzari
Cheibriados
Fedhas
Gozag
Kikubaaqudgha
Makhleb
Nemelex Xobeh
Okawaru
Qazlal
Ru
Sif Muna
Trog
Uskayaw
Wu Jian
Xom
Yredelemnul

Shops:
D:9 !*

Portals:
Abyss: D:8

Annotations:
D:4 2 transporters, ponobo's ghost, amateur GnFE
D:8 2 transporters, Pegasus's ghost, novice MiGl
D:10 Amaemon


Innate Abilities, Weirdness & Mutations

You have hooves in place of feet.
You have a somewhat thin skeletal structure. (Dex +2, Stealth+)
A weak demonic guardian rushes to your aid.
Spells you cast may paralyse adjacent enemies.


Message History

You climb upwards.
There is a stone staircase leading down here.
You see here a +0 whip.
Things that are here:
4 stones; a +0 dagger
There is a stone staircase leading up here.
You climb upwards.
There is a stone staircase leading down here.
Magic restored.
There is a stone staircase leading up here.
You climb upwards.
There is a stone staircase leading down here.
You see here a +0 trident.
There is a stone staircase leading up here.
You climb upwards.
Level annotation: 2 transporters, ponobo's ghost, amateur GnFE
There is a stone staircase leading down here.
The kobold shouts!
There is an open door here.
There is a stone staircase leading up here.
You climb upwards.
There is a stone staircase leading down here.
There is a stone staircase leading up here.
You climb upwards.
There is a stone staircase leading down here.
There is a stone staircase leading up here.
You climb upwards.
There is a stone staircase leading down here.
(D) Dungeon (T) Temple
Where to? (Enter - D:1, ? - help)
Okay, then.
There is an open door here.
You see here a +0 dagger.
You see here a +0 leather armour.
You open the door.
There is an open door here.
There is an open door here.
There is a staircase leading out of the dungeon here.
Are you sure you want to leave the Dungeon?
This will make you lose the game!
You have escaped!

♣.....♣ ♣.♣♣♣.♣♣
♣.♣♣P..♣♣
♣.♣P....♣♣♣ ####
♣.♣♣.⌠...P♣ ##...
♣.♣....P♣.♣###..##
♣....P♣P♣.♣#...##
♣...♣♣♣♣♣.♣#.###
♣@.........'[#
♣♣♣♣♣♣♣♣♣♣♣###


There were no monsters in sight!

Vanquished Creatures
  Pikel (D:5)
  Joseph (D:9)
  Maggie (D:7)
  A troll (D:10)
  Prince Ribbit (D:9)
  A vampire (D:8)
  Sigmund (D:5)
  9 yaks
  3 steam dragons
  2 water moccasins
  Duvessa (D:7)
  2 black bears
  3 ice beasts
  An orc warrior (D:7)
  A hornet zombie (D:8)
  A sky beast (D:7)
  A centaur (D:9)
  An ogre (D:5)
  A lemure (D:5)
  4 bullfrogs
  4 kobold brigands
  3 necrophages
  2 scorpions
  A gnoll sergeant (D:9)
  3 wyvern zombies (D:8)
  5 wights (D:8)
  Dowan (D:7)
  9 killer bees
  2 howler monkeys (D:7)
  A centaur zombie (D:8)
  A lava snake (D:9)
  6 hounds
  A human zombie (D:8)
  3 jellies
  2 gnoll boudas (D:9)
  5 orc priests
  2 iguanas
  4 orc wizards
  3 killer bee zombies (D:8)
  5 adders
  13 gnolls
  A shadow imp (D:6)
  A white imp (D:7)
  An ufetubus (D:6)
  A worm zombie (D:8)
  3 worms (D:2)
  A dart slug (D:4)
  22 orcs
  6 bats
  7 endoplasms
  2 giant cockroaches (D:2)
  11 goblins
  7 hobgoblins
  2 jackals (D:1)
  7 quokkas
  3 ball pythons
  4 frilled lizards
  A goblin zombie (D:8)
  27 kobolds
  A kobold zombie (D:8)
  3 rats (D:1)
224 creatures vanquished.

Vanquished Creatures (collateral kills)
  A sky beast (D:7)
  A killer bee (D:6)
  A hound (D:4)
  A goblin (D:4)
  A ball python (D:3)
5 creatures vanquished.

Vanquished Creatures (others)
  2 killer bees (D:9)
  A goblin (D:7)
3 creatures vanquished.

Grand Total: 232 creatures vanquished

Notes
Turn   | Place    | Note
-------+----------+-------------------------------------------
     0 | D:1      | protoss039 the Demonspawn Earth Elementalist began the
                  | quest for the Orb.
     0 | D:1      | Reached XP level 1. HP: 13/13 MP: 3/3
   320 | D:1      | Gained mutation: You have large cloven feet. [demonic
                  | ancestry]
   320 | D:1      | Reached XP level 2. HP: 12/20 MP: 1/5
   560 | D:1      | Reached skill level 1 in Fighting
  1124 | D:1      | Gained mutation: You have a somewhat thin skeletal
                  | structure. (Dex +2, Stealth+) [demonic ancestry]
  1124 | D:1      | Reached XP level 3. HP: 21/26 MP: 3/6
  1205 | D:1      | Learned a level 2 spell: Passwall
  1848 | D:2      | Gained mutation: A weak demonic guardian rushes to your
                  | aid. [demonic ancestry]
  1848 | D:2      | Reached XP level 4. HP: 30/33 MP: 8/8
  2104 | D:3      | Found an ornate altar of the Wu Jian Council.
  2335 | D:3      | Found a blossoming altar of Fedhas.
  2388 | D:3      | Found a faded altar of an unknown god.
  3109 | D:3      | Found a sparkling altar of Nemelex Xobeh.
  3218 | D:4      | Reached XP level 5. HP: 38/39 MP: 9/9
  3282 | D:4      | Identified the +3 ring mail "Qeep" {Regen+}
  3338 | D:4      | Noticed ponobo's ghost (amateur GnFE)
  3342 | D:4      | Found a transporter.
  3397 | D:4      | Noticed a black bear
  3404 | D:4      | Killed a black bear
  3405 | D:4      | Gained mutation: You have hoof-like feet. [demonic
                  | ancestry]
  3405 | D:4      | Reached XP level 6. HP: 45/47 MP: 11/11
  3667 | D:4      | Found a transporter.
  4117 | D:5      | Entered Level 5 of the Dungeon
  4181 | D:5      | Found a staircase to the Ecumenical Temple.
  4183 | D:5      | Noticed Pikel
  4186 | D:5      | Reached XP level 7. HP: 54/54 MP: 13/13
  4208 | D:5      | Killed Pikel
  4209 | D:5      | Reached skill level 5 in Fighting
  4209 | D:5      | Reached skill level 5 in Spellcasting
  4209 | D:5      | Reached skill level 5 in Earth Magic
  4209 | D:5      | Reached XP level 8. HP: 43/62 MP: 15/15
  4224 | Temple   | Entered the Ecumenical Temple
  4462 | D:5      | Noticed Sigmund
  4472 | D:5      | Killed Sigmund
  4473 | D:5      | Reached skill level 1 in Transmutations
  4553 | D:5      | Found a sacrificial altar of Ru.
  5143 | D:6      | Reached skill level 1 in Armour
  5202 | D:6      | Found a shimmering altar of Xom.
  5261 | D:6      | You fall into a shaft and drop 3 floors!
  5335 | D:8      | Found a transporter.
  5453 | D:8      | Reached skill level 1 in Shields
  5536 | D:8      | Found an iron altar of Okawaru.
  5827 | D:7      | Noticed Duvessa
  5830 | D:7      | Noticed Dowan
  5831 | D:7      | Gained mutation: You have hooves in place of feet. [demonic
                  | ancestry]
  5831 | D:7      | Reached XP level 9. HP: 65/66 MP: 17/17
  5843 | D:7      | Killed Duvessa
  5847 | D:7      | Killed Dowan
  7056 | D:7      | Found a snail-covered altar of Cheibriados.
  7230 | D:7      | Noticed Maggie
  7457 | D:7      | Killed Maggie
  7458 | D:7      | Reached skill level 5 in Armour
  7622 | D:7      | Reached XP level 10. HP: 45/74 MP: 14/19
  8129 | D:8      | Found a one-way gate to the infinite horrors of the Abyss.
  8129 | D:8      | Noticed Pegasus's ghost (novice MiGl)
  8164 | D:8      | Found a transporter.
  8568 | D:8      | Found an ancient bone altar of Kikubaaqudgha.
  8702 | D:8      | Learned a level 3 spell: Stone Arrow
  8706 | D:8      | Learned a level 3 spell: Mephitic Cloud
  8707 | D:9      | Noticed Prince Ribbit
  8722 | D:9      | Killed Prince Ribbit
  8868 | D:9      | Reached skill level 1 in Conjurations
  8873 | D:9      | Reached skill level 1 in Air Magic
  8882 | D:9      | Reached skill level 1 in Poison Magic
  9102 | D:9      | Noticed Joseph
  9124 | D:9      | Killed Joseph
  9612 | D:9      | Found Liph's Island Escapes.
  9757 | D:9      | Found Moez's Distillery.
  9765 | D:9      | Bought a potion of lignification for 51 gold pieces
  9765 | D:9      | Bought a potion of curing for 51 gold pieces
  9765 | D:9      | Bought a potion of haste for 170 gold pieces
  9765 | D:9      | Bought a potion of mutation for 136 gold pieces
  9826 | D:9      | HP: 3/79 [yak (7)]
 10069 | D:9      | Found a hide-covered altar of Uskayaw.
 10127 | D:10     | Entered Level 10 of the Dungeon
 10128 | D:10     | Noticed Amaemon
 10128 | D:10     | Noticed an orange demon
 10190 | D:10     | Gained mutation: Spells you cast may paralyse adjacent
                  | enemies. [demonic ancestry]
 10190 | D:10     | Reached XP level 11. HP: 51/84 MP: 4/21
 10424 | D:$      | Got out of the dungeon alive.

Illustrated notes

Levels and vault maps discovered:
D:1:      psy_arrival_fountain, layout_basic, st_stairs_14
D:2:      layout_basic, kennysheep_generic_room_2
D:3:      layout_basic, nzn_wu_jian_contemplation,
          nemelex_xobeh_ov_fountains_minmay, fedhas_altar_2,
          ebering_ecumenical_altar_abandoned
D:4:      layout_gridville, gammafunk_ghost_arena
D:5:      layout_loops_ring, mainiacjoe_overflow_alcove_2, zin_treasury,
          minmay_temple_entry_ruins, minivault_1, dk_vineyard_1, uniq_sigmund,
          uniq_pikel
D:6:      layout_basic, xom_teletrap_fun
D:7:      layout_basic, mainiacjoe_overflow_six_doors_small, enter_bailey_3,
          serial_glass, glass_columns_c, glass_columns_b,
          kennysheep_generic_room_7, uniq_duvessa, uniq_maggie
D:8:      layout_loops_ring, lemuel_mausoleum_altar_kikubaaqudgha,
          okawaru_trees_2, enter_ossuary_3, gammafunk_ghost_abyssal_escape,
          grunt_ministairs_11
D:9:      layout_rooms, nicolae_uskayaw_suspiria, serial_shops, shop,
          minivault_21, nicolae_island_escapes, uniq_prince_ribbit1, uniq_joseph
D:10:     layout_rooms, riverfiend_overflow_shadow_ancestor,
          nicolae_vehumet_radiance, nicolae_tso_carved_into_rock,
          minmay_liquid_box, uniq_amaemon
Temple:   nicolae_temple_bog_church

Skill      XL: |  1  2  3  4  5  6  7  8  9 10 |
---------------+-------------------------------+-----
Fighting       | 1 2 3 4 5 6 7 |  7.4
Earth Magic    | 3 4 5 6 7 |  7.5
Spellcasting   | 3 4 5 6 7 |  7.1
Dodging        | 3 |  3.0
Stealth        | 3 |  3.0
Transmutations | 1 |  1.0
Armour         | 2 5 6 |  6.0
Shields        | 1 3 4 |  4.5
Conjurations   | 3 |  3.3
Air Magic      | 3 |  3.0
Poison Magic   | 3 |  3.0

Action                   |  1- 3 |  4- 6 |  7- 9 | 10-12 || total
-------------------------+-------+-------+-------+-------++-------
Melee: Rapier            |    54 |       |       |       ||    54
       Kick              |     7 |    31 |    85 |   114 ||   237
       Dagger            |     5 |    92 |   225 |   282 ||   604
 Cast: Sandblast         |    40 |    18 |    58 |    55 ||   171
       Passwall          |       |       |     3 |       ||     3
       Stone Arrow       |       |       |       |    16 ||    16
Evoke: Wand              |       |       |       |     7 ||     7
  Use: Scroll            |       |       |     4 |     2 ||     6
 Stab: Sleeping          |     3 |     5 |     4 |     8 ||    20
       Distracted        |       |     1 |       |       ||     1
Armor: Robe              |    19 |     3 |       |       ||    22
       Ring mail         |       |    30 |   117 |   159 ||   306
Dodge: Dodged            |    91 |    74 |   131 |   186 ||   482
Block: Buckler           |       |     7 |    67 |   106 ||   180
